 Dungeon Crawl Stone Soup version 0.22-a0-161-g198051cff3 (console) character file.

28 Muffindrake the Sneak (level 2, -2/22 HPs)
             Began as a Vampire Assassin on Feb 11, 2018.
             Slain by Crazy Yiuf
             ... wielding a +4 quarterstaff of chaos
              (11 damage)
             ... on level 2 of the Dungeon.
             The game lasted 00:03:36 (781 turns).

Muffindrake the Sneak (Vampire Assassin)             Turns: 781, Time: 00:03:37

Health: -2/22      AC:  3    Str: 10    XL:     2   Next: 96%
Magic:  2/2        EV: 12    Int: 13    God:
Gold:   35         SH:  0    Dex: 15    Spells: 1/1 levels left

rFire    . . .     SeeInvis +   a - +2 dagger
rCold    . . .     Gourm    .   (no shield)
rNeg     + . .     Faith    .   c - +0 robe
rPois    .         Spirit   .   (no helmet)
rElec    .         Reflect  .   d - +0 cloak
rCorr    .         Harm     .   (no gloves)
MR       .....                  (no boots)
Stlth    ++++......             (no amulet)
HPRegen  0.07/turn              (no ring)
MPRegen  0.08/turn              (no ring)

@: no status effects
A: fangs 3, see invisible, unbreathing
a: no special abilities


You were on level 2 of the Dungeon.
You were not thirsty.

You visited 1 branch of the dungeon, and saw 2 of its levels.

You collected 35 gold pieces.

Inventory:

Hand Weapons
 a - a +2 dagger (weapon)
 b - a +0 blowgun
Missiles
 e - 8 poisoned needles (quivered)
 f - a curare-tipped needle
Armour
 c - a +0 robe (worn)
 d - a +0 cloak (worn)
Scrolls
 h - 2 scrolls of identify
 i - 2 scrolls of remove curse
Potions
 g - 9 potions of blood


   Skills:
 + Level 1.8 Fighting
 * Level 2.3 Short Blades
 + Level 1.6 Throwing
 * Level 1.4 Dodging
 * Level 7.0 Stealth


You had one spell level left.
You didn't know any spells.

Dungeon Overview and Level Annotations

Branches:
Dungeon (2/15)

Altars:

Annotations:
D:2 Crazy Yiuf


Innate Abilities, Weirdness & Mutations

You have razor-sharp teeth.
You have supernaturally acute eyesight. (SInv)
You can survive without breathing.


Message History

You hit Crazy Yiuf but do no damage.
Crazy Yiuf is heavily wounded.
Crazy Yiuf yells, "Iron dark illywillydillykilly!"
Crazy Yiuf closely misses you.
You hit Crazy Yiuf.
Crazy Yiuf is heavily wounded.
You hit Crazy Yiuf.
Crazy Yiuf is almost dead.
Crazy Yiuf closely misses you.
You closely miss Crazy Yiuf.
Crazy Yiuf is almost dead.
Crazy Yiuf looks more healthy.
Crazy Yiuf hits you with a quarterstaff of chaos!
You hit Crazy Yiuf. Your bite misses Crazy Yiuf.
Crazy Yiuf is almost dead.
You completely miss Crazy Yiuf.
Crazy Yiuf is almost dead.
Crazy Yiuf hits you with a quarterstaff of chaos!
Ouch! That really hurt!
You die...

. ....... ..
.......
#.##w..?..
#.#.......
###.........
#####
#g.[.<..>.
#.()# #....#
#...# #....#
#.g.#
####.##.#
#@#
#.......#
♣♣.♣
####.######
♣.♣♣
#...........
♣♣.♣
#.#######...
♣.♣♣ #.#
♣♣.♣♣ #.#
♣..P♣♣ #.#
♣....♣ #.#
#....# #.#
##..#####.#
#........#


You could see Crazy Yiuf.

Vanquished Creatures
  A dart slug (D:1)
  A leopard gecko (D:1)
  A bat (D:1)
  2 giant cockroaches (D:1)
  4 goblins (D:1)
  2 hobgoblins (D:1)
  4 jackals (D:1)
  3 kobolds (D:1)
  4 rats (D:1)
22 creatures vanquished.

Notes
Turn   | Place    | Note
-------+----------+-------------------------------------------
     0 | D:1      | Muffindrake the Vampire Assassin began the quest for the Orb.
     0 | D:1      | Reached XP level 1. HP: 16/16 MP: 1/1
    47 | D:1      | Reached skill level 6 in Stealth
   111 | D:1      | Reached XP level 2. HP: 10/22 MP: 2/2
   393 | D:1      | Reached skill level 7 in Stealth
   765 | D:2      | Found a runed door.
   769 | D:2      | Noticed Crazy Yiuf
   781 | D:2      | Slain by Crazy Yiuf

Vault maps used:
D:1:      eino_arrival_tree_alley
D:2:      uniq_terence, uniq_crazy_yiuf_cottage

Skill      XL: |  1  2 |
---------------+-------+-----
Stealth        | 6 7 |  7.0
Fighting       | |  1.8
Short Blades   | |  2.3
Throwing       | |  1.6
Dodging        | |  1.4

Action                   || total
-------------------------++-------
Melee: Dagger            ||    76
       Bite              ||     4
 Fire: Blowgun           ||     1
  Use: Scroll            ||     4
 Stab: Sleeping          ||     6
Armor: Robe              ||    16
Dodge: Dodged            ||    63

Table legend:
 A = Spawn XP
 B = Non-spawn XP
 C = Spawn XP percentage of total XP
 D = Spawn monster count
 E = Non-spawn monster count
 F = Spawn count percentage of total count
 G = Total turns spent on level
                    A         B        C        D         E        F      G
               +---------+---------+-------+---------+---------+-------+---------
         Total |       0 |      40 |   0.0 |       0 |      22 |   0.0 |   781
               +---------+---------+-------+---------+---------+-------+---------
           D:1 |       0 |      40 |   0.0 |       0 |      22 |   0.0 |   738
               +---------+---------+-------+---------+---------+-------+---------
